 Dungeon Crawl Stone Soup version 0.17-a0-1617-gfba1302 (webtiles) character file.

51 karlkraus the Skirmisher (level 3, -1/34 HPs)
             Began as a Minotaur Fighter on Aug 1, 2015.
             Slain by Multipenetrator's ghost (18 damage)
             ... on level 3 of the Dungeon.
             The game lasted 00:02:03 (1293 turns).

karlkraus the Skirmisher (Minotaur Fighter)         Turns: 1293, Time: 00:02:03

Health: -1/34      AC:  7    Str: 26    XL:     3   Next: 57%
Magic:  2/2        EV:  8    Int:  5    God:
Gold:   93         SH: 10    Dex:  9    Spells: 0 memorised, 2 levels left

rFire  . . .     SeeInvis .     a - +0 flail
rCold  . . .     Clarity  .     b - +0 scale mail
rNeg   . . .     SustAt   .     c - +0 shield
rPois  +         Gourm    .     (helmet restricted)
rElec  .         Spirit   .     (no cloak)
rCorr  .         Warding  .     (no gloves)
rMut   .         Stasis   .     (no boots)
MR     .....                    (no amulet)
Stlth  ..........               (no ring)
                                t - ring of poison resistance

@: mighty, not resistant to hostile enchantments, extremely unstealthy
A: retaliatory headbutt, horns 2
a: no special abilities


You were on level 3 of the Dungeon.
You were not hungry.

You visited 1 branch of the dungeon, and saw 3 of its levels.

You collected 93 gold pieces.

Inventory:

Hand weapons
 a - a +0 flail (weapon)
Armour
 b - a +0 scale mail (worn)
 c - a +0 shield (worn)
Jewellery
 t - a ring of poison resistance (left hand)
Scrolls
 k - a scroll of noise {unknown}
 l - 3 scrolls of remove curse {unknown}
 m - a scroll of enchant armour {unknown}
 q - a scroll of enchant weapon {unknown}
 r - 5 scrolls of identify {unknown}
 s - a scroll of teleportation {unknown}
Potions
 f - a potion of curing {unknown}
 g - a potion of cancellation {unknown}
 i - a potion of brilliance {unknown}
 o - a potion of heal wounds {unknown}
 p - a potion of flight {unknown}
 u - a potion of agility {unknown}
Comestibles
 e - 2 bread rations
 h - 2 fruits
 j - a meat ration
 n - a beef jerky


   Skills:
 + Level 4.4 Fighting
 + Level 2.6 Maces & Flails
 + Level 4.1 Armour
 + Level 0.4 Dodging
 + Level 4.2 Shields


You had 2 spell levels left.
You didn't know any spells.

Dungeon Overview and Level Annotations

Branches:
Dungeon (3/15)

Altars:
Cheibriados
Dithmenos

Annotations:
D:3 Multipenetrator's ghost, average TrCK


Innate Abilities, Weirdness & Mutations

You reflexively headbutt those who attack you in melee.
You have a pair of horns on your head.


Message History

HP restored.
You see here a club.
Multipenetrator's ghost (average Troll Chaos Knight) comes into view.
It is wielding a weapon of chaos.
Multipenetrator's ghost turns its malevolent gaze towards you.
Drink which item? (? for menu, Esc to quit)
You feel very mighty all of a sudden.
You sock Multipenetrator's ghost!
Multipenetrator's ghost is moderately damaged.
Multipenetrator's ghost completely misses you.
You furiously retaliate!
You headbutt Multipenetrator's ghost.
You block Multipenetrator's ghost's attack.
You sock Multipenetrator's ghost! You headbutt Multipenetrator's ghost.
Multipenetrator's ghost is heavily damaged.
Multipenetrator's ghost hits you. Multipenetrator's ghost burns you.
You sock Multipenetrator's ghost! You headbutt Multipenetrator's ghost.
Multipenetrator's ghost is almost destroyed.
Multipenetrator's ghost ripples.
Multipenetrator's ghost hits you!
You are electrocuted!
Ouch! That really hurt!
You die...

#...###.# #.### ..#
#.# .# ##.# .. #..#
## ##.## ###..#
###...## ######..#
#.(.########.@W...#
##.######.....######
#...).....#####
#.######### ###


You could see Multipenetrator's ghost.

Vanquished Creatures
  An adder (D:2)
  A giant gecko (D:2)
  3 orcs (D:3)
  5 goblins
  8 hobgoblins
  8 kobolds
  A quokka (D:2)
  3 bats
  4 giant newts
  3 rats
37 creatures vanquished.

Notes
Turn   | Place    | Note
--------------------------------------------------------------
     0 | D:1      | karlkraus the Minotaur Fighter began the quest for the Orb.
     0 | D:1      | Reached XP level 1. HP: 19/19 MP: 0/0
    31 | D:1      | Found a snail-covered altar of Cheibriados.
   254 | D:1      | Reached XP level 2. HP: 27/27 MP: 1/1
   694 | D:2      | Reached skill level 4 in Fighting
   854 | D:2      | Reached XP level 3. HP: 34/34 MP: 2/2
   869 | D:2      | Found a shadowy altar of Dithmenos.
  1287 | D:3      | Noticed Multipenetrator's ghost (average TrCK)
  1293 | D:3      | Slain by Multipenetrator's ghost

Vault maps used:
D:1:      saegor_arrival_miasma, moated_statue, cheibriados_altar_1
D:2:      minmay_door_square, grunt_dithmenos_smoke_and_mirrors

Action                   || total
-------------------------++-------
Melee: Flail             ||    86
  Use: Potion            ||     1
  Eat: Chunk             ||     1
